 Dungeon Crawl Stone Soup version 0.28.0-53-g5a82cb258f (webtiles) character file.

Game seed: 15964062930268606020

98 issech the Chopper (level 4, -1/41 HPs)
             Began as a Minotaur Monk on June 5, 2022.
             Slain by a gnoll
             ... wielding a +0 spear
              (2 damage)
             ... on level 2 of the Dungeon.
             The game lasted 00:03:09 (1209 turns).

issech the Chopper (Minotaur Monk)                  Turns: 1209, Time: 00:03:10

Health: -1/41      AC:  2    Str: 15    XL:     4   Next: 44%
Magic:  3/3        EV: 13    Int:  7    God:
Gold:   65         SH:  0    Dex: 15    Spells: 3/3 levels left

rFire   . . .      SeeInvis .   a - +0 hand axe
rCold   . . .      Faith    .   (no shield)
rNeg    . . .      Spirit   .   b - +0 robe
rPois   .          Reflect  .   (helmet restricted)
rElec   .          Harm     .   (no cloak)
rCorr   .          Rampage  .   (no gloves)
Will    .....                   (no boots)
Stlth   ++........              (no amulet)
HPRegen 0.13/turn               (no ring)
MPRegen 0.08/turn               (no ring)

@: no status effects
A: horns 2, retaliatory headbutt
a: no special abilities


You were on level 2 of the Dungeon.
You visited 1 branch of the dungeon, and saw 2 of its levels.

You collected 65 gold pieces.

Inventory:

Hand Weapons
 a - a +0 hand axe (weapon)
 m - a +0 long sword
Missiles
 d - 4 poisoned darts (quivered)
 f - 21 sling bullets
 g - 4 stones
 i - 38 arrows
Armour
 b - a +0 robe (worn)
Scrolls
 c - a scroll of identify {unknown}
 h - a scroll of fear {unknown}
 k - a scroll of magic mapping {unknown}
Potions
 e - a potion of degeneration {unknown}
 j - 2 potions of cancellation {unknown}
 l - a potion of curing {unknown}


   Skills:
 + Level 4.4 Fighting
 + Level 4.9 Axes
 + Level 4.1 Dodging
 + Level 1.9 Stealth


You had 3 spell levels left.
You didn't know any spells.
Your spell library contained the following spells:

 Spells                   Type           Power      Damage    Failure   Level
 Freeze                   Ice            0%         1d3       43%         1
 Frozen Ramparts          Ice            0%         1d2       80%         3
 Hailstorm                Conj/Ice       0%         3d3       99%         4
 Ice Form                 Ice/Tmut       0%         N/A       99%         4
 Summon Ice Beast         Ice/Summ       0%         N/A       99%         4


Dungeon Overview and Level Annotations

Branches:
Dungeon (2/15)

Altars:

Shops:
D:2 (


Innate Abilities, Weirdness & Mutations

You have a pair of horns on your head.
You reflexively headbutt those who attack you in melee.


Message History

There is a large open door here.
You hit the gnoll. You headbutt the gnoll.
You kill the gnoll!
The gnoll closely misses you.
You closely miss the hobgoblin.
The hobgoblin is heavily wounded.
The gnoll completely misses you. The hobgoblin closely misses you.
You hit the hobgoblin but do no damage.
You headbutt the hobgoblin, but do no damage.
The hobgoblin is heavily wounded.
The gnoll hits you from afar with a +0 spear.
The hobgoblin closely misses you. You furiously retaliate!
You headbutt the hobgoblin. The gnoll barely misses you.
You closely miss the hobgoblin.
The hobgoblin is almost dead.
The gnoll closely misses you.
The gnoll hits you from afar with a +0 halberd!
The hobgoblin barely misses you.
You completely miss the hobgoblin. Your headbutt misses the hobgoblin.
The hobgoblin is almost dead.
The gnoll completely misses you. The hobgoblin barely misses you.
The gnoll closely misses you.
You hit the hobgoblin.
You kill the hobgoblin!
The gnoll hits you from afar with a +0 spear.
The gnoll hits you from afar with a +0 halberd!
The gnoll hits you with a +0 spear.
* * * LOW HITPOINT WARNING * * *
The gnoll closely misses you.
There is a large open door here.
Things that are here:
a +0 club; a hobgoblin corpse; a gnoll corpse You hit the gnoll.
The gnoll is moderately wounded.
You hit the gnoll but do no damage. The gnoll barely misses you.
You furiously retaliate!
You headbutt the gnoll. The gnoll hits you with a +0 halberd!
* * * LOW HITPOINT WARNING * * *
The gnoll hits you from afar with a +0 spear.
You die...

.#...#...#......# #.#
.#.#...#.#.#....# #.#
############....####.#
. # #.........### #
#.##..........#
#.............#
####..........#
#..........#
####@####### #)#
#.gg...# #...$..#
#....>.# <......'.
##.....8### .......#
####.#<#


You could see 2 gnolls.

Vanquished Creatures
  A howler monkey (D:2)
  An adder (D:2)
  A gnoll (D:2)
  3 dart slugs
  3 bats
  5 endoplasms
  A giant cockroach (D:1)
  2 goblins (D:2)
  4 hobgoblins
  3 jackals (D:1)
  4 kobolds
  A quokka (D:1)
  2 rats (D:2)
31 creatures vanquished.

Notes
Turn   | Place    | Note
-------+----------+-------------------------------------------
     0 | D:1      | issech the Minotaur Monk began the quest for the Orb.
     0 | D:1      | Reached XP level 1. HP: 19/19 MP: 0/0
   106 | D:1      | Reached XP level 2. HP: 12/27 MP: 1/1
   871 | D:2      | Reached XP level 3. HP: 32/33 MP: 2/2
   982 | D:2      | Found Jasuost's Antique Weapon Boutique.
  1001 | D:2      | Reached XP level 4. HP: 22/41 MP: 3/3
  1208 | D:2      | HP: 1/41 [gnoll/+0 halberd (11)]
  1209 | D:2      | Slain by a gnoll

Illustrated notes

Levels and vault maps discovered:
D:1:      dpeg_arrival_erosion, layout_rooms
D:2:      layout_basic, serial_shops, shop_statue, nicolae_diamond_shop,
          minmay_misc_feat_alley

Skill      XL: |  1  2  3 |
---------------+----------+-----
Axes           | 4 |  4.9
Fighting       | 4 |  4.4
Dodging        | 4 |  4.1
Stealth        | |  1.9

Action                   |  1- 3 |  4- 6 || total
-------------------------+-------+-------++-------
Melee: Hand axe          |    70 |     9 ||    79
       Headbutt          |    10 |     3 ||    13
       Punch             |     1 |       ||     1
 Stab: Sleeping          |     1 |       ||     1
Armor: Robe              |    19 |       ||    19
Dodge: Dodged            |    61 |    15 ||    76
